 Dungeon Crawl Stone Soup version 0.32-a0-960-g3814254bd7 (webtiles) character file.

Game seed: 3970378748142825908

200 retardedninja the Trooper (level 5, -2/43 HPs)
             Began as a Coglin Fighter on Apr 17, 2024.
             Splashed by a jelly's acid (6 damage)
             ... on level 3 of the Dungeon.
             The game lasted 00:02:54 (2054 turns).

retardedninja the Trooper (Coglin Fighter)          Turns: 2054, Time: 00:02:55

Health: -2/43      AC:  0    Str: 18    XL:     5   Next: 78%
Magic:  5/5        EV:  6    Int:  7    God:
Gold:   161        SH:  0    Dex: 14    Spells: 4/4 levels left

rFire   . . .        a - +0 war axe {Latda}
rCold   . . .        b - +0 war axe {Bianca}
rNeg    . . .        d - +0 chain mail
rPois   .            r - +0 helmet
rElec   .            (no cloak)
rCorr   .            (no gloves)
SInv    .            o - +0 pair of boots
Will    .....        (amulet unavailable) Stlth
                     (ring unavailable)
HPRegen 0.27/turn    (ring unavailable)
MPRegen 0.09/turn    (no gizmo)

%: no passive effects
@: lethally poisoned (-2 -> -8), corroded, revved
A: off-hand wielding, slow wielding, warmup strikes, no jewellery
a: Invent Gizmo


You were on level 3 of the Dungeon.
You visited 1 branch of the dungeon, and saw 3 of its levels.

You collected 161 gold pieces.

Inventory:

Hand Weapons
 a - a +0 war axe (weapon) {Latda}
 b - a +0 war axe (offhand) {Bianca}
Missiles
 c - 2 javelins (quivered)
Armour
 d - a +0 chain mail (worn)
 o - a +0 pair of boots (worn)
 r - a +0 helmet (worn)
Scrolls
 f - a scroll of enchant weapon {unknown}
 g - a scroll of teleportation {unknown}
 h - a scroll of amnesia {unknown}
 i - a scroll of fear {unknown}
 j - a scroll of silence {unknown}
 k - 5 scrolls of identify {unknown}
 q - a scroll of enchant armour {unknown}
 s - 2 scrolls of poison {unknown}
Potions
 e - 4 potions of mutation {unknown}
 l - a potion of berserk rage {unknown}
 m - a potion of degeneration {unknown}
 n - a potion of curing
 p - a potion of heal wounds {unknown}


   Skills:
 * Level 4.5 Fighting
 + Level 3.5 Axes
 + Level 3.8 Armour
 - Level 2.2 Shields


You had 4 spell levels left.
You didn't know any spells.
Your spell library contained the following spells:

 Spells                   Type           Power      Damage    Failure   Level
 Freeze                   Ice            0%         1d3       99%         1
 Frozen Ramparts          Ice            0%         1d1       100%        3
 Hailstorm                Conj/Ice       0%         3d5       100%        3


Dungeon Overview and Level Annotations

Branches:
Dungeon (3/15)

Altars:


Innate Abilities, Weirdness & Mutations

You can wield a second weapon in your off-hand.
It takes a long time for you to wield or remove held weapons.
Your first few attacks do less damage.
You cannot equip rings or amulets.


Message History

A jelly comes into view.
There are monsters nearby!
There are monsters nearby!
There are monsters nearby!
The jelly quivers.
You hit the adder with your +0 war axe.
The adder is lightly wounded.
You slash the adder with your +0 war axe!
The adder barely misses you. x2
You closely miss the adder with your +0 war axe.
The adder is almost dead.
You slash the jelly with your +0 war axe!
Your graspers burn!
You closely miss the adder with your +0 war axe.
You hit the jelly but do no damage. The acid corrodes you!
Your graspers burn!
The adder bites you but does no damage. The jelly hits you.
The acid corrodes you!
You are splashed with acid!
The adder bites you but does no damage.
You are too injured to fight recklessly!
You hit the jelly with your +0 war axe.
Your graspers burn!
The jelly is almost dead.
You closely miss the adder with your +0 war axe.
You hit the jelly but do no damage.
Your graspers burn!
You miss the adder with your +0 war axe.
The adder completely misses you. The jelly hits you but does no damage.
You hit the jelly but do no damage. The acid corrodes you!
Your graspers burn!
The jelly is almost dead.
You hit the adder but do no damage. You hit the jelly but do no damage.
Your graspers burn!
You closely miss the adder with your +0 war axe.
The adder bites you.
You are poisoned.
The adder poisons you! The jelly hits you.
You are splashed with acid!
* * * LOW HITPOINT WARNING * * *
The adder bites you.
* * * LOW HITPOINT WARNING * * *
The jelly hits you.
* * * LOW HITPOINT WARNING * * *
You are splashed with acid.
You die...

### .# ...... #.# ......
# #.# ...... ###.####
###...... .......#
#........ .......#
####........
.......######....J......
..............##@S......
.......#########........
........## #........
.>.......# #........
.......### #########
.......# ########


You could see a jelly and an adder.

Vanquished Creatures
  Robin (D:2)
  7 gnolls
  4 adders (D:2)
  2 dart slugs (D:1)
  2 ribbon worms (D:2)
  11 orcs
  3 bats
  5 endoplasms
  14 goblins
  3 hobgoblins
  2 quokkas (D:1)
  7 ball pythons
  2 frilled lizards (D:2)
  2 kobolds (D:2)
  4 rats
69 creatures vanquished.

Notes
Turn   | Place    | Note
-------+----------+-------------------------------------------
     0 | D:1      | retardedninja the Coglin Fighter began the quest for the
                  | Orb.
     0 | D:1      | Reached XP level 1. HP: 18/18 MP: 1/1
   132 | D:1      | Reached XP level 2. HP: 23/24 MP: 2/2
   319 | D:1      | Found a faded altar of an unknown god.
   496 | D:1      | Reached XP level 3. HP: 27/29 MP: 3/3
   703 | D:2      | Reached XP level 4. HP: 6/37 MP: 4/4
  1011 | D:2      | Reached skill level 4 in Fighting
  1166 | D:2      | Reached XP level 5. HP: 42/42 MP: 5/5
  1498 | D:3      | Noticed Robin
  1699 | D:2      | Killed Robin
  2054 | D:3      | Splashed by a jelly's acid

Illustrated notes

Levels and vault maps discovered:
D:1:      eino_arrival_druids_welcome, layout_loops_ring,
          shapermc_ecumenical_altar_totnotflames
D:2:      layout_loops_ring, minmay_diced_spiral
D:3:      layout_rooms, uniq_robin

Skill      XL: |  1  2  3  4 |
---------------+-------------+-----
Armour         | 3 |  3.8
Axes           | 3 |  3.5
Fighting       | 4 |  4.5
Shields        | |  2.2

Action                     |  1- 3 |  4- 6 || total
---------------------------+-------+-------++-------
  Melee: War axe           |    29 |   114 ||   143
  Throw: Javelin           |    14 |       ||    14
    Use: Potion            |     2 |       ||     2
 Armour: Scale mail        |    35 |     8 ||    43
         Chain mail        |       |    94 ||    94
  Dodge: Dodged            |    17 |    31 ||    48

Table legend: (Time is in decaauts)
 A = Elapsed time spent in this place.
 B = Non-inter-level travel time spent in this place.
 C = Inter-level travel time spent in this place.
 D = Time resting spent in this place.
 E = Time spent auto-exploring this place.
 F = Levels seen in this place.
 G = Mean time per level.
                   A        B        C        D        E       F      G
               +--------+--------+--------+--------+--------+-----+--------+
         Total |   2102 |   2046 |     56 |    331 |   1316 |   3 |  700.7 |
       Dungeon |   2102 |   2046 |     56 |    331 |   1316 |   3 |  700.7 |
               +--------+--------+--------+--------+--------+-----+--------+

Top non-repeatable levels by time:
     D:2: 1220 daAuts
     D:1: 655 daAuts
     D:3: 225 daAuts
